 Dungeon Crawl Stone Soup version 0.30-a0-341-g682706514a (webtiles) character file.

Game seed: 2251968725008650731

59 KennySheep the Conjurer (level 3, -3/26 HPs)
             Began as a Demigod Conjurer on Nov 4, 2022.
             Slain by a gnoll
             ... wielding a +0 flail
              (11 damage)
             ... on level 2 of the Dungeon.
             The game lasted 00:02:42 (1194 turns).

KennySheep the Conjurer (Demigod Conjurer)          Turns: 1194, Time: 00:02:42

Health: -3/26      AC:  3    Str:  8    XL:     3   Next: 54%
Magic:  1/8        EV: 12    Int: 24    God:
Gold:   102        SH:  0    Dex: 12    Spells: 3/6 levels left

rFire   . . .      SeeInvis .    e - +0 dagger
rCold   . . .      Faith    .    (no shield)
rNeg    . . .      Spirit   .    a - +0 robe
rPois   .          Reflect  .    (no helmet)
rElec   .          Harm     .    (no cloak)
rCorr   .          Rampage  .    h - +0 pair of gloves
Will    .....                    (no boots)
Stlth   ++........               (no amulet)
HPRegen 0.24/turn                (no ring)
MPRegen 0.11/turn                (no ring)

@: no status effects
A: high MP 1, forlorn, divine attributes
a: no special abilities


You were on level 2 of the Dungeon.
You visited 1 branch of the dungeon, and saw 2 of its levels.

You collected 102 gold pieces.

Inventory:

Hand Weapons
 e - a +0 dagger (weapon)
Armour
 a - a +0 robe (worn)
 h - a +0 pair of gloves (worn)
Jewellery
 g - a ring of protection from cold
Scrolls
 d - a scroll of vulnerability {unknown}
 f - a scroll of summoning
 i - a scroll of butterflies
 j - a scroll of noise {unknown}
 k - 2 scrolls of teleportation {unknown}
 l - a scroll of brand weapon {unknown}
Potions
 b - a potion of magic
 c - a potion of degeneration {unknown}
 m - a potion of heal wounds {unknown}
 n - a potion of lignification {unknown}


   Skills:
 - Level 1.7 Dodging
 - Level 1.7 Stealth
 + Level 2.2 Spellcasting
 * Level 4.2 Conjurations
 * Level 1.8 Translocations


You had 3 spell levels left.
You knew the following spells:

 Your Spells              Type           Power      Damage    Failure   Level
a - Magic Dart            Conj           88%        1d7       1%          1
b - Searing Ray           Conj           44%        2d6       3%          2

Your spell library contained the following spells:

 Spells                   Type           Power      Damage    Failure   Level
 Dazzling Flash           Conj/Hex       24%        N/A       14%         3
 Iskenderun's Mystic Bla  Conj/Tloc      17%        2d5       32%         4
 Fulminant Prism          Conj/Hex       6%         3d7       43%         4


Dungeon Overview and Level Annotations

Branches:
Dungeon (2/15)


Innate Abilities, Weirdness & Mutations

You have an increased reservoir of magic. (+10% MP)
You shall have no god before yourself.
Your divine heritage dramatically boosts your attributes as you level up.


Message History

The gnoll is severely wounded.
The magic dart hits the gnoll.
You kill the gnoll!
You start resting.
Magic restored.
Things that are here:
a +0 spear; a gnoll corpse You see here a +0 club.
A kobold comes into view. It is wielding a +0 short sword.
The kobold shouts!
The kobold throws a stone.
The stone hits you but does no damage.
The magic dart hits the kobold.
You kill the kobold!
An endoplasm comes into view.
The magic dart hits the endoplasm!
You kill the endoplasm!
A gnoll comes into view. It is wielding a +0 flail.
The magic dart hits the gnoll.
The gnoll is lightly wounded.
The magic dart hits the gnoll.
The gnoll is moderately wounded.
The magic dart hits the gnoll but does no damage.
The gnoll is moderately wounded.
The magic dart hits the gnoll.
The gnoll is heavily wounded.
The magic dart hits the gnoll but does no damage.
The gnoll is heavily wounded.
The magic dart hits the gnoll.
The gnoll is severely wounded.
You are out of magic!
You hit the gnoll.
The gnoll is almost dead.
The gnoll hits you with a +0 flail!
You closely miss the gnoll.
The gnoll is almost dead.
The gnoll hits you with a +0 flail!
You hit the gnoll but do no damage.
The gnoll is almost dead.
The gnoll hits you with a +0 flail!
You die...

##...# #....##
#....#. #. #....#.
#.# #....#. #..
#....#. #..# #####.#
#...... # #..#
####......) #....#.
. #..# #..@g#
#....#. #..###...###
##...#. #..........#
# #...##
#...##...#.# . ##.##
# #...##...#.# #.
#.# #
#..######...##...# #
####.##.###
#...........##.....
...........
#..#######..#####..#
#........
............# ..#
##.##.###


You could see a gnoll.

Vanquished Creatures
  2 gnolls (D:2)
  An adder (D:2)
  4 ball pythons
  3 endoplasms
  2 giant cockroaches
  3 goblins
  3 hobgoblins
  3 kobolds
  A quokka (D:1)
  2 bats (D:1)
  3 frilled lizards (D:1)
  2 rats
29 creatures vanquished.

Notes
Turn   | Place    | Note
-------+----------+-------------------------------------------
     0 | D:1      | KennySheep the Demigod Conjurer began the quest for the
                  | Orb.
     0 | D:1      | Reached XP level 1. HP: 14/14 MP: 5/5
   233 | D:1      | You fall into a shaft and drop 1 floor!
   378 | D:2      | Reached skill level 1 in Translocations
   378 | D:2      | Reached XP level 2. HP: 14/20 MP: 0/7
   381 | D:2      | Learned a level 2 spell: Searing Ray
   544 | D:1      | Reached skill level 4 in Conjurations
   940 | D:2      | Reached XP level 3. HP: 26/26 MP: 5/8
  1194 | D:2      | Slain by a gnoll

Illustrated notes

Levels and vault maps discovered:
D:1:      minmay_arrival_plants_in_alcoves, layout_rooms,
          chequers_ecumenical_altar_twisty
D:2:      minmay_wonky_spiral, layout_basic, basic_altar,
          hangedman_feature_mirror, minmay_crystal_water

Skill      XL: |  1  2 |
---------------+-------+-----
Spellcasting   | 2 |  2.2
Translocations | 1 |  1.8
Conjurations   | 4 |  4.2
Dodging        | |  1.7
Stealth        | |  1.7

Action                   || total
-------------------------++-------
Melee: Unarmed           ||     2
       Dagger            ||     3
 Cast: Magic Dart        ||    53
       Searing Ray       ||     3
  Use: Scroll            ||     2
Armor: Robe              ||     5
Dodge: Dodged            ||    10

Table legend: (Time is in decaauts)
 A = Elapsed time spent in this place.
 B = Non-inter-level travel time spent in this place.
 C = Inter-level travel time spent in this place.
 D = Time resting spent in this place.
 E = Time spent auto-exploring this place.
 F = Levels seen in this place.
 G = Mean time per level.
                   A        B        C        D        E       F      G
               +--------+--------+--------+--------+--------+-----+--------+
         Total |   1192 |   1147 |     45 |    204 |    751 |   2 |  596.0 |
       Dungeon |   1192 |   1147 |     45 |    204 |    751 |   2 |  596.0 |
               +--------+--------+--------+--------+--------+-----+--------+

Top non-repeatable levels by time:
     D:1: 682 daAuts
     D:2: 510 daAuts
